 Dungeon Crawl Stone Soup version 0.30-a0-381-g6ea064c7b4 (webtiles) character file.

Game seed: 10083979011240189766

74 PyroL the Grave Robber (level 4, 0/30 HPs)
             Began as a Demonspawn Necromancer on Dec 1, 2022.
             Slain by Natasha (1 damage)
             ... on level 2 of the Dungeon.
             The game lasted 00:01:51 (1354 turns).

PyroL the Grave Robber (Demonspawn Necromancer)     Turns: 1354, Time: 00:01:52

Health: 0/30       AC:  6    Str:  8    XL:     4   Next: 10%
Magic:  4/8        EV: 12    Int: 18    God:
Gold:   88         SH:  4    Dex: 14    Spells: 5/9 levels left

rFire   . . .      SeeInvis .    d - +0 club
rCold   . . .      Faith    .    (no shield)
rNeg    . . .      Spirit   .    a - +0 robe
rPois   .          Reflect  .    (helmet restricted)
rElec   .          Harm     .    (no cloak)
rCorr   .          Rampage  .    (no gloves)
Will    .....                    (no boots)
Stlth   ++........               (no amulet)
HPRegen 0.25/turn                (no ring)
MPRegen 0.11/turn                (no ring)

@: slowed, very slow
A: horns 1, icemail 1, condensation shield
a: no special abilities


You were on level 2 of the Dungeon.
You visited 1 branch of the dungeon, and saw 2 of its levels.

You collected 88 gold pieces.

Inventory:

Hand Weapons
 d - a +0 club (weapon)
Missiles
 c - 6 poisoned darts
Armour
 a - a +0 robe (worn)
Jewellery
 h - a ring of protection from cold
Wands
 i - a wand of polymorph (8)
Scrolls
 g - a scroll of fear {unknown}
 l - 2 scrolls of identify {unknown}
Potions
 b - a potion of magic
 e - a potion of berserk rage {unknown}
 f - a potion of lignification {unknown}
 j - a potion of flight {unknown}
 k - a potion of curing {unknown}


   Skills:
 - Level 1.7 Dodging
 - Level 1.7 Stealth
 + Level 3.2 Spellcasting
 + Level 5.3 Necromancy


You had 5 spell levels left.
You knew the following spells:

 Your Spells              Type           Power      Damage    Failure   Level
a - Necrotise             Necr           88%        1d8       1%          1
b - Vampiric Draining     Necr           22%        2d7       5%          3

Your spell library contained the following spells:

 Spells                   Type           Power      Damage    Failure   Level
 Animate Dead             Necr           22%        N/A       17%         4
 Ensorcelled Hibernation  Hex/Ice        4%         N/A       24%         2
 Passwall                 Tmut/Erth      1%         N/A       24%         2
 Swiftness                Air            2%         N/A       43%         3
 Agony                    Necr           22%        N/A       43%         5


Dungeon Overview and Level Annotations

Branches:
Dungeon (2/15)

Altars:

Annotations:
D:2 Natasha


Innate Abilities, Weirdness & Mutations

You have a pair of small horns on your head.
A meltable icy envelope protects you from harm. (AC +4)
A meltable shield of frost defends you. (SH +4)


Message History

Your rat skeleton bites Natasha but does no damage.
Natasha claws you!
You closely miss Natasha.
Your rat skeleton closely misses Natasha.
Natasha zaps a wand.
The bolt of light hits you!
* * * LOW HITPOINT WARNING * * *
You are too injured to fight recklessly!
You are too injured to fight recklessly!
You are too injured to fight recklessly!
Your rat skeleton closely misses Natasha.
Natasha claws your rat skeleton.
Natasha mumbles some strange words.
Your rat skeleton closely misses Natasha.
Natasha claws your rat skeleton!
Your rat skeleton is destroyed!
Casting: Necrotise (safe; 1% risk of failure)
Confirm with . or Enter, or press ? or * to list all spells.
Aiming: Necrotise (safe; 1% risk of failure)
Press: ? - help, Shift-Dir - straight line, f - Natasha
Aim: Natasha, carrying a wand of light (1) (chance to affect: 81%) Natasha writhes in agony.
Natasha zaps a wand.
The bolt of light hits you!
* * * LOW HITPOINT WARNING * * *
The now-empty wand crumbles to dust.
Sorry, you're not good enough to have a special ability.
Casting: Necrotise (safe; 1% risk of failure)
Confirm with . or Enter, or press ? or * to list all spells.
You can't see any susceptible monsters within range! (Use Z to cast anyway.) Natasha stares at you and mumbles some strange words.
You feel yourself slow down. The iron imp closely misses you.
Natasha closely misses you. The iron imp closely misses you.
Casting: Necrotise (safe; 1% risk of failure)
Confirm with . or Enter, or press ? or * to list all spells.
Aiming: Vampiric Draining (dangerous; 5% risk of failure)
Press: ? - help, Shift-Dir - straight line, f/p - Natasha
Aim: Natasha (moderately wounded)
You draw life force from Natasha!
You feel life coursing into your body. Natasha barely misses you.
The iron imp hits you!
* * * LOW HITPOINT WARNING * * *
Natasha claws you.
You die...

........<....###########..#...###
.............##...........#...#
.............##...........#...###
.............##..........†#.####.
#######........[...............#.
#..........########.#.##'#.
#..........########.#......
#................##........
#........5@......##........
.[.......h......##........
................#.........
.............[..#..#......
..........###......#......
........... ###> #.....#
...........# #####.[..


You could see an iron imp (summoned) and Natasha.

Vanquished Creatures
  Natasha (twice) (D:2)
  A ball python (D:1)
  5 endoplasms
  2 giant cockroaches
  3 hobgoblins
  2 kobolds (D:1)
  2 quokkas
  2 bats
  2 rats
21 creatures vanquished.

Vanquished Creatures (collateral kills)
  An endoplasm (D:2)
1 creature vanquished.

Grand Total: 22 creatures vanquished

Notes
Turn   | Place    | Note
-------+----------+-------------------------------------------
     0 | D:1      | PyroL the Demonspawn Necromancer began the quest for the
                  | Orb.
     0 | D:1      | Reached XP level 1. HP: 13/13 MP: 3/3
   426 | D:1      | Gained mutation: A meltable shield of frost defends you.
                  | (SH +4) [demonic ancestry]
   426 | D:1      | Reached XP level 2. HP: 19/19 MP: 1/5
  1073 | D:2      | Noticed Natasha
  1075 | D:2      | Noticed a crimson imp
  1077 | D:2      | Killed Natasha
  1078 | D:2      | Reached skill level 5 in Necromancy
  1078 | D:2      | Gained mutation: A meltable icy envelope protects you from
                  | harm. (AC +4) [demonic ancestry]
  1078 | D:2      | Reached XP level 3. HP: 24/24 MP: 2/7
  1082 | D:2      | Learned a level 3 spell: Vampiric Draining
  1204 | D:2      | Noticed Natasha
  1214 | D:2      | Killed Natasha
  1215 | D:2      | Gained mutation: You have a pair of small horns on your
                  | head. [demonic ancestry]
  1215 | D:2      | Reached XP level 4. HP: 10/30 MP: 1/8
  1341 | D:2      | Noticed Natasha
  1354 | D:2      | HP: 1/30 [iron imp[Natasha] (7)]
  1354 | D:2      | Slain by Natasha

Illustrated notes

Levels and vault maps discovered:
D:1:      dpeg_arrival_court, layout_loops_ring
D:2:      layout_basic, serial_shops, shop, uniq_natasha

Skill      XL: |  1  2  3 |
---------------+----------+-----
Necromancy     | 5 |  5.3
Spellcasting   | 3 |  3.2
Dodging        | |  1.7
Stealth        | |  1.7

Action                   |  1- 3 |  4- 6 || total
-------------------------+-------+-------++-------
Melee: Club              |     8 |     6 ||    14
       Punch             |       |     1 ||     1
 Cast: Necrotise         |    36 |     3 ||    39
       Vampiric Draining |       |     1 ||     1
Armor: Robe              |     3 |       ||     3
Dodge: Dodged            |    10 |    10 ||    20
Block: Other             |     4 |       ||     4

Table legend: (Time is in decaauts)
 A = Elapsed time spent in this place.
 B = Non-inter-level travel time spent in this place.
 C = Inter-level travel time spent in this place.
 D = Time resting spent in this place.
 E = Time spent auto-exploring this place.
 F = Levels seen in this place.
 G = Mean time per level.
                   A        B        C        D        E       F      G
               +--------+--------+--------+--------+--------+-----+--------+
         Total |   1357 |   1324 |     33 |      0 |   1148 |   2 |  678.5 |
       Dungeon |   1357 |   1324 |     33 |      0 |   1148 |   2 |  678.5 |
               +--------+--------+--------+--------+--------+-----+--------+

Top non-repeatable levels by time:
     D:1: 944 daAuts
     D:2: 413 daAuts
